 Dungeon Crawl Stone Soup version 0.17.1-3-g152610e (webtiles) character file.

1869 manyhoops the Thaumaturge (level 8, 0/41 HPs)
             Began as a Deep Elf Earth Elementalist on Apr 22, 2016.
             Slain by a yak (8 damage)
             ... on level 5 of the Dungeon.
             The game lasted 00:26:33 (6305 turns).

manyhoops the Thaumaturge (DEEE)                    Turns: 6305, Time: 00:26:33

Health: 0/41       AC: 12    Str:  5    XL:     8   Next: 90%
Magic:  3/23       EV: 13    Int: 23    God:
Gold:   330        SH:  0    Dex: 15    Spells: 6 memorised, 8 levels left

rFire  . . .     SeeInvis .     G - +5 flail (protect)
rCold  . . .     Clarity  +     I - +1 robe {MR+}
rNeg   + . .     SustAt   .     (no shield)
rPois  .         Gourm    .     s - +2 hat
rElec  .         Spirit   .     (no cloak)
rCorr  .         Warding  .     h - +0 pair of gloves
rMut   .         Stasis   .     q - +0 pair of boots
MR     ++...                    y - amulet of clarity
Stlth  ++........               A - ring of protection from magic
                                x - ring of positive energy

@: very resistant to hostile enchantments, unstealthy
A: no striking features
a: no special abilities


You were on level 5 of the Dungeon.
You were hungry.

You visited 1 branch of the dungeon, and saw 6 of its levels.
You also visited: Ossuary.

You collected 330 gold pieces.

Inventory:

Hand Weapons
 r - a +0 short sword
 t - a +0 dagger of speed
 v - a +0 whip of draining
 G - a +5 flail of protection (weapon)
Missiles
 b - 210 stones (quivered)
Armour
 a - a +0 robe
 h - a +0 pair of gloves (worn)
 q - a +0 pair of boots (worn)
 s - a +2 hat (worn)
 I - a +1 robe of magic resistance (worn)
Jewellery
 l - an uncursed amulet of rage
 x - a ring of positive energy (left hand)
 y - an amulet of clarity (around neck)
 A - a ring of protection from magic (right hand)
Scrolls
 f - a scroll of random uselessness {unknown}
 k - a scroll of blinking {unknown}
 p - 6 scrolls of remove curse
 w - a scroll of recharging
 H - a scroll of noise {unknown}
Potions
 e - 2 potions of curing
 g - 2 potions of brilliance {unknown}
 i - 2 potions of might
 n - a potion of heal wounds {unknown}
 o - a potion of agility {unknown}
 u - a potion of poison
 z - a potion of ambrosia {unknown}
 D - 2 potions of resistance
 E - a potion of berserk rage {unknown}
 F - a potion of cancellation {unknown}
 K - a potion of flight {unknown}
Books
 c - a book of Geomancy

   Spells                             Type                      Level
   a - Sandblast                      Earth                        1
   b - Stoneskin                      Transmutation/Earth          2
   c - Passwall                       Transmutation/Earth          3
   d - Stone Arrow                    Conjuration/Earth            3
   e - Petrify                        Transmutation/Earth          4
   f - Lee's Rapid Deconstruction     Earth                        5
Comestibles
 d - 6 bread rations
 j - 7 fruits
 C - a slice of pizza
 J - a meat ration


   Skills:
 - Level 2.4 Dodging
 + Level 3.4 Stealth
 + Level 9.5 Spellcasting
 * Level 5.3 Conjurations
 - Level 1.3 Transmutations
 + Level 8.8 Earth Magic


You had 8 spell levels left.
You knew the following spells:

 Your Spells              Type           Power        Failure   Level  Hunger
a - Sandblast             Erth           ######       1%          1    None
b - Stoneskin             Trmt/Erth      ####....     1%          2    None
c - Passwall              Trmt/Erth      ####......   2%          3    None
d - Stone Arrow           Conj/Erth      #####.       1%          3    None
e - Petrify               Trmt/Erth      ####....     10%         4    ##.....
f - Lee's Rapid Deconstr  Erth           ######....   6%          5    ####...


Dungeon Overview and Level Annotations

Branches:
Dungeon (6/15)
 Temple: D:4-7

Altars:
Ashenzari
Elyvilon
Makhleb
Qazlal
Ru

Shops:
D:4 :

Annotations:
D:5 Grinder


Message History

Confirm with . or Enter, or press ? or * to list all spells.
Aiming: Stone Arrow
Press: ? - help, Shift-Dir - straight line, f/p - yak
Aim: a yak (lightly wounded)
The stone arrow hits the yak.
The yak is heavily wounded.
The yak gores you!
* * * LOW HITPOINT WARNING * * *
Casting: Stone Arrow
Confirm with . or Enter, or press ? or * to list all spells.
Okay, then.
Casting: Stone Arrow
Confirm with . or Enter, or press ? or * to list all spells.
Aiming: Stone Arrow
Press: ? - help, Shift-Dir - straight line, f/p - yak
Aim: a yak (heavily wounded)
The stone arrow hits the yak.
The yak is severely wounded.
The yak gores you!
You die...

#.# #..#### #5#
##...... #####)#
##...#### #.....#
##.....##
#..######.......##
##...####.........#
#..>....'.........'
##...####......[..#
#@Y## ##.......##
#.## ##.....## ##.#
##...## #..# ##'##
#.## #.# #.# #.#
#.# ##.## ##)##
##...#### ##.#.##
#........


You could see a yak.

Vanquished Creatures
  Sigmund (D:2)
  2 yaks (D:5)
  Edmund (D:5)
  A phantom (D:5)
  An orc warrior (D:5)
  2 ogres (D:4)
  2 elf zombies (Ossuary)
  Blork the orc (D:5)
  4 hounds
  2 centaur zombies (Ossuary)
  A human zombie (Ossuary)
  4 orc priests
  4 worker ants
  3 orc wizards
  A big kobold zombie (Ossuary)
  3 mummies (Ossuary)
  A gnoll (D:2)
  A shadow imp (D:5)
  9 adders
  2 oozes
  An adder zombie (Ossuary)
  2 worms
  2 giant geckos
  15 orcs
  3 ball pythons
  6 giant cockroaches
  3 goblins
  10 hobgoblins
  4 jackals (D:2)
  8 kobolds
  A quokka (D:4)
  7 bats
  3 giant newts
  8 goblin zombies (Ossuary)
  5 hobgoblin zombies (Ossuary)
  3 jackal zombies (Ossuary)
  3 kobold zombies (Ossuary)
  2 orc zombies (Ossuary)
  4 quokka zombies
  5 rats
  3 rat zombies
144 creatures vanquished.

Notes
Turn   | Place    | Note
--------------------------------------------------------------
     0 | D:1      | manyhoops the Deep Elf Earth Elementalist began the quest for the Orb.
     0 | D:1      | Reached XP level 1. HP: 10/10 MP: 6/6
   215 | D:1      | Reached XP level 2. HP: 13/15 MP: 4/8
   384 | D:1      | Reached skill level 4 in Earth Magic
   389 | D:1      | Learned a level 2 spell: Stoneskin
   937 | D:2      | Noticed Sigmund
  1039 | D:2      | Reached XP level 3. HP: 11/19 MP: 0/10
  1252 | D:2      | Learned a level 3 spell: Passwall
  1256 | D:2      | Learned a level 3 spell: Stone Arrow
  1355 | D:2      | Found a sacrificial altar of Ru.
  1438 | D:2      | Found a white marble altar of Elyvilon.
  1718 | D:2      | Reached XP level 4. HP: 24/24 MP: 8/12
  1724 | D:2      | Reached skill level 5 in Earth Magic
  1869 | D:2      | Reached skill level 5 in Spellcasting
  1869 | D:2      | Reached XP level 5. HP: 28/28 MP: 9/14
  1918 | D:2      | Killed Sigmund
  1918 | D:2      | Reached skill level 6 in Spellcasting
  1918 | D:2      | Reached XP level 6. HP: 21/32 MP: 3/17
  2486 | D:3      | Learned a level 4 spell: Petrify
  2772 | D:4      | Found Oweith's Book Emporium.
  2955 | D:4      | Reached skill level 7 in Spellcasting
  2955 | D:4      | Reached skill level 1 in Conjurations
  2955 | D:4      | Reached XP level 7. HP: 36/36 MP: 2/19
  3591 | D:4      | Found a burning altar of Makhleb.
  3626 | D:4      | Found a stormy altar of Qazlal.
  3868 | D:5      | Entered Level 5 of the Dungeon
  3904 | D:5      | Found a sand-covered staircase.
  3920 | Ossuary  | Entered an ossuary
  4299 | Ossuary  | Learned a level 5 spell: Lee's Rapid Deconstruction
  4329 | Ossuary  | Reached skill level 8 in Spellcasting
  4532 | Ossuary  | Reached XP level 8. HP: 20/41 MP: 0/22
  4961 | D:5      | Found a shattered altar of Ashenzari.
  4962 | D:5      | Noticed Edmund
  5001 | D:5      | Killed Edmund
  5048 | D:5      | Noticed Blork the orc
  5109 | D:5      | Killed Blork the orc
  5210 | D:5      | Reached skill level 9 in Spellcasting
  5240 | D:5      | Noticed Grinder
  6001 | D:5      | HP: 2/41 [yak (9)]
  6009 | D:5      | HP: 2/41 [yak (1)]
  6010 | D:5      | Reached skill level 5 in Conjurations
  6305 | D:5      | Slain by a yak

Action                   |  1- 3 |  4- 6 |  7- 9 || total
-------------------------+-------+-------+-------++-------
Melee: Unarmed           |     4 |     1 |       ||     5
       Dagger            |       |    15 |   201 ||   216
       Short sword       |       |     4 |       ||     4
       Flail             |       |       |    15 ||    15
 Cast: Sandblast         |    73 |    62 |    33 ||   168
       Stone Arrow       |     1 |    18 |    98 ||   117
       Stoneskin         |     1 |     1 |     9 ||    11
       Petrify           |       |     2 |       ||     2
  Use: Potion            |     1 |       |     2 ||     3
       Scroll            |       |       |    11 ||    11
 Stab: Sleeping          |       |       |     2 ||     2
  Eat: Chunk             |     1 |     5 |     4 ||    10
       Meat ration       |       |       |     1 ||     1
       Beef jerky        |       |       |     1 ||     1
